 Dungeon Crawl Stone Soup version 0.31-a0-1173-g2d6e455 (webtiles) character file.

Game seed: 9648776382723428539

2936272 Kearsarge the Merfolkian Porcupine (level 26, 309/309 HPs)
             Began as a Merfolk Fighter on Dec 10, 2023.
             Was an Initiate of Gozag.
             Escaped with the Orb
             ... and 4 runes!
             The game lasted 01:31:10 (47406 turns).

Kearsarge the Merfolkian Porcupine (MfFi)          Turns: 47406, Time: 01:31:11

Health: 309/309    AC: 43    Str: 31    XL:     26   Next: 14%
Magic:  23/23      EV: 31    Int:  8    God:    Gozag
Gold:   1099       SH: 10    Dex: 19    Spells: 25/25 levels left

rFire   + . .        H - +9 demon trident (heavy)
rCold   + . .        W - +3 buckler of the Meadowlark {Regen+ Dex+3}
rNeg    + . .        z - melded +2 chain mail {rPois}
rPois   ∞            U - +2 hood of the Assassin {Detect Stab+ Stlth++}
rElec   +            p - +2 cloak
rCorr   .            b - melded +2 pair of gloves
SInv    .            N - melded +2 pair of boots of Yclasi {rC+ Int+3 Dex+2}
Will    +....        D - amulet of regeneration
Stlth   ++           u - ring of protection from fire
HPRegen 2.31/turn    J - ring "Upuosoy" {Fly rC+ Str+6}
MPRegen 0.18/turn

%: no passive effects
@: statue-form, flying, studying Unarmed Combat, very slow
A: slow and powerful, torment resistance 1, boosted hp, (nimble swimmer 2),
mertail
0: Orb of Zot
}: 4/15 runes: barnacled, silver, abyssal, gossamer
a: Begin Untransformation, Renounce Religion, Potion Petition, Call Merchant,
Bribe Branch


You escaped.
You worshipped Gozag.
Gozag was most pleased with you.
You were a living statue of rough stone.
You visited 10 branches of the dungeon, and saw 48 of its levels.
You visited the Abyss 2 times.
You visited 2 bazaars.
You visited 1 ziggurat, and saw 6 of its levels.
You also visited: Trove and Wizlab.

You collected 26992 gold pieces.
You spent 5825 gold pieces at shops.
You paid 20068 gold pieces to Gozag.

Inventory:

Hand Weapons
 H - a +9 heavy demon trident (weapon)
Missiles
 l - 5 throwing nets
 o - 11 curare-tipped darts
Armour
 b - a +2 pair of gloves (melded)
 p - a +2 cloak (worn)
 q - a +1 tower shield of positive energy
 z - a +2 chain mail of poison resistance (melded)
 N - the +2 pair of boots of Yclasi (melded) {rC+ Int+3 Dex+2}
   (You found it on level 2 of the Spider Nest)

   Int+3:     It affects your intelligence (+3).
   Dex+2:     It affects your dexterity (+2).
   rC+:       It protects you from cold.
 U - the +2 hood of the Assassin (worn) {Detect Stab+ Stlth++}
   (You bought it in a shop on level 3 of the Lair of Beasts)

   Detect:    It allows the wearer to sense nearby creatures.
   Stab+:     It allows the wearer to make particularly effective stabbing
   attacks against helpless or unaware enemies with any weapon.
   Stlth++:   It makes you much more stealthy.
 W - the +3 buckler of the Meadowlark (worn) {Regen+ Dex+3}
   (You found it on level 2 of the Depths)

   Dex+3:     It affects your dexterity (+3).
   Regen+:    It increases your rate of health regeneration.
Jewellery
 u - a ring of protection from fire (left fist)
 y - the ring "Zyacs" {rN+ Will+ AC+4}
   (You found it on level 3 of the Depths)

   [ring of protection]

   AC+4:      It affects your AC (+4).
   rN+:       It protects you from negative energy.
   Will+:     It increases your willpower.
 A - a ring of see invisible
 D - an amulet of regeneration (around neck)
 J - the ring "Upuosoy" (right fist) {Fly rC+ Str+6}
   (You bought it in a shop on level 6 of the Dungeon)

   [ring of strength]

   Str+6:     It affects your strength (+6).
   rC+:       It protects you from cold.
   Fly:       It grants you flight.
 X - a ring of protection from fire
Talismans
 d - a granite talisman (active)
Wands
 r - a wand of flame (111)
 w - a wand of roots (45)
 C - a wand of mindburst (32)
 F - a wand of paralysis (7)
 R - a wand of digging (7)
 Y - a wand of light (20)
Scrolls
 e - 12 scrolls of teleportation
 f - 2 scrolls of fog
 j - 9 scrolls of immolation
 m - 11 scrolls of poison
 I - 2 scrolls of summoning
 M - 6 scrolls of torment
 O - 13 scrolls of vulnerability
 T - 7 scrolls of fear
 Z - 3 scrolls of amnesia
Potions
 a - 9 potions of enlightenment
 g - 2 potions of invisibility
 h - 11 potions of curing
 i - 5 potions of heal wounds
 k - 11 potions of mutation
 s - 15 potions of ambrosia
 t - 12 potions of brilliance
 v - 6 potions of magic
 B - 5 potions of cancellation
 G - a potion of haste
 K - 6 potions of might
 L - 14 potions of attraction
 P - 5 potions of lignification
 Q - 3 potions of resistance
 V - 3 potions of berserk rage
Miscellaneous
 c - a lightning rod (4/4)
 x - a phantom mirror
 S - a phial of floods


   Skills:
 + Level 26.3 Fighting
 O Level 27 Polearms
 - Level 9.1 Armour
 O Level 27 Dodging
 - Level 10.0 Shields
 - Level 25.0 Shapeshifting


You had 25 spell levels left.
You didn't know any spells.
Your spell library contained the following spells:

 Spells                   Type           Power      Damage    Failure   Level
 Apportation              Tloc           0%         N/A       43%         1
 Necrotise                Necr           0%         1d4       43%         1
 Sandblast                Erth           0%         2d4       43%         1
 Shock                    Conj/Air       0%         1d3       43%         1
 Slow                     Hex            0%         N/A       43%         1
 Sting                    Tmut/Pois      0%         1d3       43%         1
 Summon Small Mammal      Summ           0%         N/A       43%         1
 Cigotuvi's Dreadful Rot  Necr/Pois/Air  0%         N/A       58%         2
 Ensorcelled Hibernation  Hex/Ice        0%         N/A       58%         2
 Lesser Beckoning         Tloc           0%         N/A       58%         2
 Passwall                 Tmut/Erth      0%         N/A       58%         2
 Poisonous Vapours        Pois/Air       0%         N/A       58%         2
 Wereblood                Tmut           0%         N/A       58%         2
 Call Canine Familiar     Summ           0%         N/A       82%         3
 Confusing Touch          Hex            0%         N/A       82%         3
 Dazzling Flash           Conj/Hex       0%         N/A       82%         3
 Gell's Gravitas          Tloc           0%         N/A       82%         3
 Hailstorm                Conj/Ice       0%         3d5       82%         3
 Inner Flame              Hex/Fire       0%         N/A       82%         3
 Sigil of Binding         Hex            0%         N/A       82%         3
 Stone Arrow              Conj/Erth      0%         3d7       82%         3
 Summon Guardian Golem    Hex/Summ       0%         N/A       82%         3
 Swiftness                Air            0%         N/A       82%         3
 Teleport Other           Tloc           0%         N/A       82%         3
 Tukima's Dance           Hex            0%         N/A       82%         3
 Vampiric Draining        Necr           0%         2d6       82%         3
 Brom's Barrelling Bould  Conj/Erth      0%         2d3       99%         4
 Dimensional Bullseye     Hex/Tloc       0%         N/A       99%         4
 Flame Wave               Conj/Fire      0%         2d4       99%         4
 Leda's Liquefaction      Hex/Erth       0%         N/A       99%         4
 Manifold Assault         Tloc           0%         N/A       99%         4
 Olgreb's Toxic Radiance  Pois           0%         N/A       99%         4
 Passage of Golubria      Tloc           0%         N/A       99%         4
 Sticky Flame             Conj/Fire      0%         2d3       99%         4
 Summon Ice Beast         Ice/Summ       0%         N/A       99%         4
 Summon Lightning Spire   Summ/Air       0%         N/A       99%         4
 Vhi's Electric Charge    Tloc/Air       0%         N/A       99%         4
 Agony                    Necr           0%         N/A       100%        5
 Alistair's Intoxication  Tmut/Pois      0%         N/A       100%        5
 Arcjolt                  Conj/Air       0%         1d10      100%        5
 Borgnjor's Vile Clutch   Necr/Erth      0%         N/A       100%        5
 Fireball                 Conj/Fire      0%         3d3       100%        5
 Irradiate                Conj/Tmut      0%         3d11      100%        5
 Metabolic Englaciation   Hex/Ice        0%         N/A       100%        5
 Silence                  Hex/Air        0%         N/A       100%        5
 Summon Forest            Summ/Tloc      0%         N/A       100%        5
 Summon Mana Viper        Hex/Summ       0%         N/A       100%        5
 Yara's Violent Unravell  Hex/Tmut       0%         3d3       100%        5
 Conjure Ball Lightning   Conj/Air       0%         3x3d6     100%        6
 Dispersal                Tloc           0%         N/A       100%        6
 Eringya's Noxious Bog    Tmut/Pois      0%         4d6       100%        6
 Starburst                Conj/Fire      0%         6d3       100%        6
 Summon Cactus Giant      Summ           0%         N/A       100%        6
 Summon Hydra             Summ           0%         N/A       100%        7
 Discord                  Hex            0%         N/A       100%        8
 Disjunction              Tloc           0%         N/A       100%        8
 Ignition                 Fire           0%         3d3       100%        8
 Lehudib's Crystal Spear  Conj/Erth      0%         10d2      100%        8
 Maxwell's Capacitive Co  Air            0%         ∞         100%        8
 Sublimation of Blood     Necr           Unusable   N/A       N/A         2

Dungeon Overview and Level Annotations

Branches:
Dungeon (15/15)            Temple (1/1) D:4            Lair (5/5) D:11
 Shoals (4/4) Lair:2       Spider (4/4) Lair:3        Slime (0/5) Lair:5
    Orc (2/2) D:10            Elf (3/3) Orc:2        Vaults (5/5) D:13
  Crypt (0/3) Vaults:3     Depths (4/4) D:15            Zot (5/5) Depths:4
 WizLab (visited)

Altars:
Ashenzari
Cheibriados
Dithmenos
Elyvilon
Fedhas
Gozag
Hepliaklqana
Kikubaaqudgha
Makhleb
Nemelex Xobeh
Okawaru
Qazlal
Ru
Sif Muna
Trog
Uskayaw
Vehumet
Wu Jian
Xom
Yredelemnul
Zin
The Shining One
Jiyva

Shops:
D:1 [   D:4 :!:[   D:6 =!(   D:10 :   D:12 :   Orc:2 [[([   Elf:1 **!(
Elf:2 (=!   Elf:3 [:=:[[   Lair:2 [(   Lair:3 [   Shoals:1 [==   Vaults:3 (
Vaults:4 [   Vaults:5 :   Depths:2 ?*!

Portals:
Hell: Depths:1 Depths:2 Depths:3
Abyss: Depths:2 Depths:3 Depths:4
Pandemonium: Depths:2

Annotations:
D:2 1 runed translucent door, Crazy Yiuf
D:5 3 runed translucent doors, rotlqkf's ghost, novice DECj
Lair:5 exclusion: 3 oklob plants
Shoals:1 6 transporters
Elf:1 8 runed translucent doors
Elf:2 5 runed translucent doors
Depths:1 1 runed translucent door, exclusion: orange crystal statue
Depths:2 2 transporters, Ices's ghost, adept TrGl
Depths:3 1 runed translucent door


Innate Abilities, Weirdness & Mutations

You are a living statue of rough stone.
Your actions are slow, but your melee attacks are powerful.
You are resistant to unholy torment.
Your maximum health is greatly increased.
Your equipment is partially melded.
You are immune to poison.
((You are very nimble when in or above water. (Stealth+, EV+, Speed+++)))
Your lower body shifts to a powerful aquatic tail in water.


Message History

Things that are here:
a +0 scale mail; a +3 dire flail of protection
There is a stone staircase leading up here.
You fly upwards.
There is a stone staircase leading down here.
What level of the Dungeon? (default 1, ? - help)
An Orb Guardian comes into view.
You hit the Orb Guardian but do no damage.
The Orb Guardian completely misses you. The Orb Guardian hits you!
You barely miss the Orb Guardian. The Orb Guardian barely misses you.
The Orb Guardian completely misses you.
You hit the Orb Guardian but do no damage.
The Orb Guardian hits you but does no damage.
The Orb Guardian barely misses you.
You spit the Orb Guardian like a pig!!!
The Orb Guardian is heavily wounded.
The Orb Guardian completely misses you. The Orb Guardian barely misses you.
You perforate the Orb Guardian like a sieve!!!!
You kill the Orb Guardian!
No target in view!
You now have 1099 gold pieces (gained 26).
What level of the Dungeon? (default 1, ? - help)
There is a stone staircase leading up here.
You fly upwards.
Level annotation: 1 runed translucent door, Crazy Yiuf
There is a stone staircase leading down here.
A green death comes into view.
The green death roars!
There is a stone staircase leading up here.
The green death completely misses you.
You fly upwards.
There is a stone staircase leading down here.
Blink to where?
Press: ? - help, Q - select action, (/) - cycle Dir - move target
As you read the scroll of blinking, it crumbles to dust.
Blink to where?
Press: ? - help, Q - select action, (/) - cycle Dir - move target
As you read the scroll of blinking, it crumbles to dust.
There is a staircase leading out of the dungeon here.
You have escaped!

##...........#.§.#.##...........
#..#.#.#####.#♣.♣#.##...........
#..#.......#.#♣.♣#..............
#....>.#.#.#.#♣.♣###############
##.....#.#.#.#♣.♣ ######### #
#..#.####.#.#♣.♣ #..∩....# #
#..#........#♣.♣ #.#####.# #
#..#.####.).#♣.♣ #.# #.# #
#..#.#.#....#♣8♣ #.# #.#
#..#...#....#♣.♣ #.### #.#
###..#...####.#♣.♣ #.#.# #.###
.....#...## #.#♣.♣ #.#.# #....
##...#....# #.#♣.♣ #...#######
##.....#..###.#♣.♣ ###...###..
##.#.#........#♣.♣ #.#..##.#
##.#.#.####.###♣.♣# ##.##....#
##..^...#
#.###...######..##.#.##


There were no monsters in sight!

Vanquished Creatures
  3 ancient liches
  3 dread liches
  Mennas (Vaults:3)
  A pandemonium lord (Depths:2)
  A royal mummy (Zig:5)
  11 golden dragons
  4 caustic shrikes
  Nikola (Depths:2)
  Norris (Depths:2)
  Arachne (Spider:1)
  A bone dragon (Vaults:3)
  3 electric golems
  A walking crystal tome (Depths:2)
  11 liches
  8 tentacled monstrosities
  10 Orb Guardians
  Asterion (Spider:1)
  Mlioglotl (Shoals:3)
  2 Hell Sentinels
  2 walking divine tomes
  A walking frostbound tome (Depths:4)
  2 Executioners
  2 quicksilver dragons
  A titan (Vaults:5)
  4 deep elf blademasters
  4 deep elf master archers
  4 sphinxes
  Gastronok (D:9)
  A kraken (Shoals:3)
  3 tentacled starspawn (Abyss:3)
  A thorn hunter (Zig:3)
  5 shadow dragons
  Ilsuiw (Shoals:1)
  5 death cobs
  11 storm dragons
  A tengu reaver (Vaults:5)
  Donald (Shoals:3)
  Roxanne (Spider:4)
  3 draconian monks
  4 draconian knights
  6 fire giants
  11 frost giants
  10 vault wardens
  A daeva (D:7)
  9 deep elf sorcerers
  2 balrugs
  2 draconian shifters
  6 emperor scorpions
  5 spectral caustic shrikes (Depths:1)
  A cacodemon (Depths:3)
  2 draconian stormcallers
  4 ghost moths
  4 deep elf elementalists (Elf:3)
  2 orc warlords (Orc:2)
  An angel (WizLab)
  6 draconian annihilators
  16 ironbound preservers
  2 reapers
  3 draconian scorchers
  3 war gargoyles
  19 very ugly things
  8 ironbound thunderhulks
  2 broodmothers
  4 formless jellyfish
  2 black draconians
  7 stone giants
  5 vampire knights
  10 green draconians
  10 deep elf annihilators
  6 deep elf demonologists
  2 red draconians (Zot:4)
  6 yellow draconians
  4 purple draconians
  2 lorocyprocas
  21 spark wasps
  The ghost of Qimap the Cleaver, a journeyman VSWn of Okawaru (Spider:2)
  11 dire elephants (Vaults:1)
  4 white draconians
  Snorg (D:11)
  6 ettins
  6 deep elf death magi
  Josephine (D:12)
  An eidolon (Abyss:3)
  3 crystal guardians (WizLab)
  5 merfolk javelineers
  7 entropy weavers
  3 fire dragons
  10 merfolk impalers
  2 jiangshi (Depths:1)
  3 rakshasas
  11 yaktaur captains
  7 deep elf high priests (Elf:3)
  5 great orbs of eyes
  9 hydras
  8 ice dragons
  3 ironbound frosthearts
  15 vault guards
  A salamander tyrant (WizLab)
  15 centaur warriors
  A ghost crab (Zig:2)
  2 peacekeepers
  2 ogre magi
  5 merfolk avatars
  Erica (D:10)
  2 alligators
  5 jorogumos
  An alligator snapping turtle (Shoals:4)
  12 two-headed ogres
  A hell beast (Depths:2)
  7 spriggan air magi (Depths:2)
  20 boulder beetles
  6 radroaches
  A death scarab (Spider:3)
  7 merfolk aquamancers
  8 deep troll shamans
  A satyr (Shoals:3)
  4 hell hogs (D:11)
  3 vampire magi
  4 orc high priests (Orc:2)
  4 deep troll earth magi
  A thrashing horror (Abyss:3)
  15 dancing weapons
  14 demonic crawlers
  5 spriggan berserkers
  10 hell knights
  3 spriggans (Depths:2)
  Urug (D:12)
  A soul eater (Depths:2)
  13 deep elf knights
  4 sun demons (D:15)
  12 skysharks
  2 wretched stars (Abyss:3)
  6 iron trolls
  A skyshark (shapeshifter) (Vaults:3)
  Amaemon (Lair:1)
  Sonja (D:11)
  A shadow wraith (Vaults:1)
  45 deep trolls
  A spatial maelstrom (Abyss:3)
  4 pharaoh ants
  A glowing orange brain (shapeshifter) (Depths:2)
  A shadow demon (D:12)
  9 sea snakes
  A sea snake (shapeshifter) (Vaults:4)
  8 orb spiders
  3 glowing orange brains
  4 arcanists (Vaults:1)
  5 large abominations
  17 deep elf zephyrmancers
  28 harpies
  A flayed ghost (Vaults:2)
  6 orc knights
  5 necromancers
  11 lindwurms
  15 ironbound convokers
  8 steelbarb worms
  4 phantasmal warriors (Vaults:5)
  10 deep elf archers
  24 ugly things
  2 oklob plants (Lair:3)
  21 deep elf pyromancers
  2 mana vipers (shapeshifter)
  10 wolf spiders
  12 manticores
  2 salamanders (WizLab)
  A faun (shapeshifter) (Depths:3)
  5 cyclopes
  8 moths of wrath
  10 orc sorcerers
  11 fauns
  6 elephants (Lair:5)
  Maurice (D:7)
  12 merfolk sirens
  Joseph (D:7)
  4 black mambas
  A molten gargoyle (WizLab)
  6 water nymphs
  7 kobold blastminers
  An elephant (shapeshifter) (Depths:3)
  A smoke demon (Abyss:3)
  15 cane toads
  9 torpor snails
  A centaur zombie (D:15)
  A centaur skeleton (D:15)
  15 vault sentinels
  10 gargoyles (WizLab)
  2 unseen horrors
  Jeremiah (D:8)
  A rime drake (shapeshifter) (Elf:2)
  A hellion (Zot:1)
  46 yaktaurs
  2 orange demons
  2 rime drakes
  2 efreet
  8 komodo dragons
  2 freezing wraiths
  A tengu conjurer (Depths:3)
  A redback zombie (D:15)
  A kobold demonologist (D:12)
  4 guardian mummies (Zig:5)
  15 starcursed masses (Abyss:3)
  11 trolls
  A queen bee (Spider:3)
  38 merfolk
  17 meliai
  A tyrant leech (Zig:3)
  A tarantella (shapeshifter) (Elf:3)
  12 wind drakes
  Grinder (D:3)
  27 blink frogs
  A glass eye (Depths:4)
  25 tarantellas
  7 hornets
  16 snapping turtles
  19 dream sheep
  4 raiju (Abyss:3)
  A spriggan zombie (Zig:5)
  21 jumping spiders
  A centaur simulacrum (D:15)
  6 air elementals
  43 slime creatures
  2 shadows
  23 culicivoras
  5 wraiths (D:12)
  3 flying skulls (Abyss:3)
  8 fire bats
  17 water elementals
  3 humans
  2 small abominations (Abyss:3)
  10 wyverns
  37 yaks
  3 fire elementals
  An ushabti (Zig:5)
  5 steam dragons
  46 redbacks
  4 vampire mosquitoes
  A neqoxec (Depths:3)
  A redback simulacrum (D:14)
  A spatial vortex (Abyss:3)
  2 chaos spawn
  2 acid dragons
  Edmund (D:4)
  4 wargs
  A naga zombie (Abyss:3)
  25 water moccasins
  7 hell hounds (D:11)
  43 orc warriors
  A swamp drake (D:10)
  2 sky beasts (D:14)
  A black bear (Lair:2)
  20 wolves
  8 ogres
  5 centaurs
  2 phantoms
  8 kobold brigands
  12 bullfrogs
  A gnoll sergeant (D:6)
  6 earth elementals
  12 scorpions
  4 wights
  21 killer bees (Spider:3)
  3 electric eels
  A crimson imp (Spider:2)
  5 jellies
  3 gnoll boudas
  33 orc priests
  2 hounds
  2 sleepcaps
  An iguana (D:5)
  20 orc wizards
  Terence (D:2)
  2 lightning spires (WizLab)
  4 mummies (Zig:5)
  Robin (D:3)
  11 gnolls
  6 adders
  A shadow imp (D:6)
  4 white imps
  4 ufetubi
  2 worms
  4 dart slugs
  99 orcs
  6 ball pythons
  2 endoplasms
  3 giant cockroaches
  14 goblins
  6 hobgoblins
  7 jackals
  2 quokkas
  4 bats
  3 frilled lizards
  37 kobolds
  4 rats
  A lurking horror (Abyss:3)
  4 starspawn tentacles (Abyss:3)
2043 creatures vanquished.

Vanquished Creatures (collateral kills)
  An ancient lich (Zot:5)
  A tentacled monstrosity (Zot:5)
  5 Orb Guardians (Zot:5)
  A shadow dragon (Zot:5)
  A storm dragon (Zot:5)
  A frost giant (Vaults:5)
  A vault warden (Vaults:3)
  A ghost moth (Spider:4)
  A stone giant (Vaults:5)
  A black draconian (Zot:5)
  A green draconian (Zot:5)
  A white draconian (Zot:5)
  8 vault guards
  A phantasmal warrior (Vaults:5)
  An ironbound convoker (Vaults:5)
  A moth of wrath (Zot:5)
  A water nymph (shapeshifter) (Vaults:5)
  A cane toad (Lair:4)
  A dream sheep (Lair:4)
  2 orc warriors (Vaults:5)
  A bullfrog (Lair:4)
  An orc priest (Vaults:5)
34 creatures vanquished.

Vanquished Creatures (others)
  An orb of fire (Zot:5)
  A curse toe (Zot:5)
  4 tentacled monstrosities
  A titan (Vaults:5)
  11 Orb Guardians (Zot:5)
  A quicksilver dragon (Zot:5)
  2 shadow dragons
  A storm dragon (Vaults:5)
  4 fire giants (Vaults:5)
  A frost giant (Vaults:5)
  3 vault wardens (Vaults:5)
  A deep elf sorcerer (Vaults:5)
  A draconian knight (Zot:5)
  A ghost moth (Zot:5)
  A draconian stormcaller (Zot:1)
  An ironbound preserver (Vaults:5)
  A very ugly thing (Vaults:5)
  An ironbound thunderhulk (WizLab)
  7 stone giants (Vaults:5)
  A white draconian (Zot:5)
  2 purple draconians (Zot:5)
  2 red draconians (Zot:5)
  2 ettins (Vaults:5)
  4 yaktaur captains (Vaults:5)
  10 vault guards (Vaults:5)
  2 deep troll shamans (Vaults:5)
  A deep troll earth mage (Vaults:5)
  An occultist (Depths:2)
  An iron troll (Vaults:5)
  A deep troll (Vaults:5)
  A spriggan druid (Zig:2)
  3 phantasmal warriors (Vaults:5)
  A deep elf pyromancer (Elf:1)
  A deep elf zephyrmancer (Elf:1)
  A large abomination (Zot:5)
  5 vault sentinels (Vaults:5)
  2 freezing wraiths (Vaults:5)
  2 yaktaurs (Vaults:5)
  A troll (Vaults:5)
  A glass eye (Depths:3)
  A slime creature (Vaults:1)
  2 orc priests
  8 foxfires (Shoals:3)
  4 starspawn tentacles (Abyss:3)
  4 tentacles (Shoals:3)
108 creatures vanquished.

Grand Total: 2185 creatures vanquished

Notes
Turn   | Place    | Note
-------+----------+-------------------------------------------
     0 | D:1      | Kearsarge the Merfolk Fighter began the quest for the Orb.
     0 | D:1      | Reached XP level 1. HP: 18/18 MP: 1/1
    85 | D:1      | Found Eser's Antique Armour Shop.
   162 | D:1      | Reached XP level 2. HP: 24/24 MP: 2/2
   349 | D:1      | Found a faded altar of an unknown god.
   613 | D:2      | Reached XP level 3. HP: 29/30 MP: 3/3
   666 | D:2      | Noticed Terence
   671 | D:2      | Killed Terence
   855 | D:2      | Reached XP level 4. HP: 37/37 MP: 4/4
   919 | D:2      | Found a runed translucent door.
   920 | D:2      | Noticed Crazy Yiuf
  1131 | D:3      | Reached skill level 5 in Polearms
  1460 | D:3      | Noticed Grinder
  1461 | D:3      | Paralysed by Grinder for 2 turns
  2003 | D:3      | Found a radiant altar of Vehumet.
  2049 | D:4      | Found Weidatie's Distillery.
  2049 | D:4      | Found Poutzec's Book Shoppe.
  2049 | D:4      | Found Erucro's Armour Shoppe.
  2074 | D:4      | Reached XP level 5. HP: 43/43 MP: 5/5
  2112 | D:4      | Bought a potion of lignification for 36 gold pieces
  2134 | D:3      | Killed Grinder
  2135 | D:3      | Reached skill level 5 in Fighting
  2135 | D:3      | Reached XP level 6. HP: 39/51 MP: 6/6
  2217 | D:4      | Found a staircase to the Ecumenical Temple.
  2226 | Temple   | Entered the Ecumenical Temple
  2238 | Temple   | Became a worshipper of Gozag Ym Sagoz the Greedy
  2279 | D:4      | Noticed Edmund
  2576 | D:4      | Found Gyot's Book Emporium.
  2835 | D:5      | Entered Level 5 of the Dungeon
  2854 | D:5      | Reached XP level 7. HP: 45/56 MP: 7/7
  3052 | D:5      | Noticed a kobold demonologist
  3072 | D:5      | Found a runed translucent gate.
  3073 | D:5      | Found a runed translucent gate.
  3074 | D:5      | Noticed rotlqkf's ghost (novice DECj)
  3148 | D:5      | Found a runed translucent gate.
  3184 | D:4      | Bought a potion of heal wounds for 60 gold pieces
  3184 | D:4      | Bought 2 potions of lignification for 72 gold pieces
  3233 | D:4      | Killed Edmund
  3323 | D:4      | Found a blossoming altar of Fedhas.
  3357 | D:3      | Reached XP level 8. HP: 59/65 MP: 8/8
  3381 | D:4      | Noticed Robin
  3424 | D:3      | Killed Robin
  3942 | D:5      | Reached skill level 10 in Polearms
  4355 | D:6      | Found Itum's Antique Weapon Boutique.
  4532 | D:6      | Found Tinis's Distillery.
  4540 | D:6      | Bought a potion of haste for 140 gold pieces
  4540 | D:6      | Bought a potion of might for 56 gold pieces
  4749 | D:6      | Identified the ring of Tongenwe {rN+ Dex+6}
  4780 | D:6      | Found Ciaxt's Jewellery Shop.
  5085 | D:6      | Reached XP level 9. HP: 39/74 MP: 9/9
  5571 | D:6      | Bought 2 potions of cancellation for 224 gold pieces
  5606 | D:7      | Noticed Maurice
  5620 | D:7      | Something stole 18 poisoned darts
  5645 | D:7      | Something stole a ring of see invisible
  5676 | D:7      | Maurice stole 61 gold
  5682 | D:7      | Killed Maurice
  5796 | D:7      | Noticed Joseph
  5803 | D:7      | Killed Joseph
  5899 | D:7      | Found a glowing golden altar of the Shining One.
  6569 | D:8      | Noticed a hornet
  6575 | D:8      | Killed a hornet
  6576 | D:8      | Reached XP level 10. HP: 83/83 MP: 10/10
  6782 | D:8      | Reached skill level 15 in Polearms
  7419 | D:8      | Noticed Jeremiah
  7426 | D:8      | Killed Jeremiah
  7427 | D:8      | Reached skill level 10 in Fighting
  7643 | D:9      | Noticed a two-headed ogre
  7653 | D:8      | Killed a two-headed ogre
  7735 | D:9      | Noticed a two-headed ogre
  7754 | D:9      | Killed a two-headed ogre
  7903 | D:9      | Reached XP level 11. HP: 93/93 MP: 11/11
  8185 | D:9      | Identified the +2 leather armour "Pacizuc" {rF+ rN+ Int+3}
  8242 | D:10     | Entered Level 10 of the Dungeon
  8242 | D:10     | Noticed Gastronok
  8249 | D:10     | Noticed Erica
  8266 | D:9      | Killed Gastronok
  8292 | D:10     | Killed Erica
  8494 | D:6      | Bought the ring "Upuosoy" {Fly rC+ Str+6} for 573 gold
                  | pieces
  8758 | D:10     | Found a hazy altar of Hepliaklqana.
  8837 | D:10     | Found Pegam's Book Emporium.
  8908 | D:10     | Found a staircase to the Orcish Mines.
  9253 | D:11     | Noticed a boulder beetle
  9267 | D:11     | Killed a boulder beetle
  9349 | D:11     | Found a portal to a secret trove of treasure.
  9417 | D:11     | Noticed Sonja
  9423 | D:11     | Killed Sonja
  9598 | D:11     | Reached XP level 12. HP: 103/103 MP: 12/12
  9642 | D:11     | Found a staircase to the Lair.
  9642 | D:11     | Noticed Snorg
  9649 | D:11     | Killed Snorg
  9840 | D:11     | Noticed a hell knight
  9875 | D:11     | Noticed a hell knight
  9882 | D:11     | Killed a hell knight
  9920 | D:11     | Noticed a hell knight
  9923 | D:11     | Noticed a hell knight
  9927 | D:11     | a hell knight changed into a slime creature
  9931 | D:11     | a hell knight changed into a skyshark
  9931 | D:11     | Noticed a skyshark
  9952 | D:11     | Killed a skyshark
  9953 | D:11     | Reached skill level 1 in Dodging
 10132 | D:11     | a hell knight changed into a deep troll
 10174 | D:11     | Noticed a hell knight
 10184 | D:11     | Killed a hell knight
 10201 | D:11     | Noticed a hell knight
 10215 | D:11     | Killed a hell knight
 10216 | D:11     | Reached skill level 5 in Shields
 10237 | D:11     | Identified the ring "Gicsyso" {Fly rElec rN+ EV+5}
 10418 | Orc:1    | Entered Level 1 of the Orcish Mines
 10699 | Orc:1    | Found a burning altar of Makhleb.
 10707 | Orc:1    | Reached skill level 5 in Dodging
 10980 | Orc:2    | Entered Level 2 of the Orcish Mines
 11202 | Orc:2    | Reached XP level 13. HP: 56/109 MP: 13/13
 11359 | Orc:2    | Found Ohosiata's Antique Armour Boutique.
 11387 | Orc:2    | Bought a pair of runed boots for 187 gold pieces
 11404 | Orc:2    | Found Bionoyra's Antique Weapon Shop.
 11543 | Orc:2    | Noticed an orc warlord
 11590 | Orc:2    | Noticed an orc warlord
 11608 | Orc:2    | Killed an orc warlord
 11689 | Orc:2    | Killed an orc warlord
 11690 | Orc:2    | Reached skill level 10 in Shields
 11888 | Orc:2    | Reached skill level 10 in Dodging
 12165 | Orc:2    | Found Dumuetag's Armour Shoppe.
 12232 | Orc:2    | Found Zassuikh's Armour Boutique.
 12578 | Orc:2    | Found a staircase to the Elven Halls.
 13262 | Lair:1   | Entered Level 1 of the Lair of Beasts
 13282 | D:11     | Reached XP level 14. HP: 88/116 MP: 14/14
 13638 | Lair:1   | Noticed Amaemon
 13653 | Lair:1   | Killed Amaemon
 14140 | Lair:2   | Bought the +2 pair of slick slippers {slick, slippery,
                  | EV+4} for 459 gold pieces
 14140 | Lair:2   | Found the +2 pair of slick slippers {slick, slippery, EV+4}
 14140 | Lair:2   | Bought a +2 helmet of see invisible for 258 gold pieces
 14307 | Lair:2   | Found a staircase to the Shoals.
 15125 | Lair:3   | Found a hole to the Spider Nest.
 15184 | Lair:3   | Reached skill level 15 in Fighting
 15496 | Lair:3   | Found a dark tunnel.
 15615 | Lair:3   | Bought a twisted chain mail for 332 gold pieces
 15615 | Lair:3   | Identified the +2 chain mail "Lathadio" {+Blink Will+
                  | Dex+2} (You bought it in a shop on level 3 of the Lair of
                  | Beasts)
 16302 | Lair:4   | Reached XP level 15. HP: 132/132 MP: 15/15
 16769 | Lair:5   | Entered Level 5 of the Lair of Beasts
 17299 | Lair:5   | Found a staircase to the Slime Pits.
 17299 | Lair:5   | Found a viscous altar of Jiyva.
 17397 | Lair:5   | Got the Secrets of Profane Words and the Storm
 17909 | Lair:3   | Bought the +2 hood of the Assassin {Detect Stab+ Stlth++}
                  | for 2100 gold pieces
 17909 | Lair:3   | Found the +2 hood of the Assassin {Detect Stab+ Stlth++}
 18310 | D:12     | Found a sparkling altar of Nemelex Xobeh.
 18339 | D:12     | Noticed Urug
 18352 | D:12     | Killed Urug
 18420 | D:12     | Noticed Josephine
 18432 | D:12     | Killed Josephine
 18525 | D:12     | Found Hauq Hec's Book Boutique.
 19435 | D:13     | Found a gate to the Vaults.
 19906 | D:14     | Reached XP level 16. HP: 149/149 MP: 16/16
 20249 | D:14     | Identified a scroll of acquirement
 20264 | D:14     | Acquired the +10 demon trident "Veorut" {venom, rF- rC+ rN+
                  | Will+}
 20423 | D:15     | Entered Level 15 of the Dungeon
 21421 | D:15     | Found a staircase to the Depths.
 21892 | Spider:1 | Entered Level 1 of the Spider Nest
 22254 | Spider:1 | Noticed Asterion
 22296 | Spider:1 | Identified the +3 halberd of Okawaru's Anger {flame, rF+
                  | rC+ Str+2 Int+3}
 22521 | Spider:1 | Killed Asterion
 22869 | Spider:2 | Noticed Arachne
 22891 | Spider:1 | Killed Arachne
 23418 | Spider:2 | Reached skill level 5 in Armour
 23605 | Spider:2 | Reached XP level 17. HP: 151/160 MP: 17/17
 23718 | Spider:2 | Found a runed translucent gate.
 23719 | Spider:2 | Found a runed translucent gate.
 23721 | Spider:2 | Found a runed translucent gate.
 23722 | Spider:2 | Noticed Qimap's ghost (journeyman VSWn)
 23820 | Spider:2 | Killed Qimap's ghost
 23898 | Spider:2 | Identified the +2 pair of boots of Yclasi {rC+ Int+3 Dex+2}
 25081 | Spider:3 | Acquired 896 gold pieces
 25176 | Spider:4 | Entered Level 4 of the Spider Nest
 25176 | Spider:4 | Noticed Roxanne
 25280 | Spider:4 | Killed Roxanne
 25338 | Spider:4 | Reached skill level 1 in Shapeshifting
 25507 | Spider:4 | Reached skill level 5 in Shapeshifting
 26078 | Spider:4 | Got a gossamer rune of Zot
 26142 | Spider:4 | Reached XP level 18. HP: 124/168 MP: 18/18
 26458 | Spider:4 | Reached skill level 10 in Shapeshifting
 26927 | Shoals:1 | Entered Level 1 of the Shoals
 27120 | Shoals:1 | Found a transporter.
 27134 | Shoals:1 | Found a transporter.
 27238 | Shoals:1 | Found a transporter.
 27246 | Shoals:1 | Found a transporter.
 27270 | Shoals:1 | Found a transporter.
 27270 | Shoals:1 | Found a transporter.
 27580 | Shoals:2 | Noticed Ilsuiw
 27631 | Shoals:1 | Killed Ilsuiw
 28323 | Shoals:2 | Found the +2 hat of the Bear Spirit {Spirit, Bear, *Rage
                  | Will++}
 28589 | Shoals:3 | Reached skill level 15 in Shapeshifting
 28654 | Shoals:3 | Identified the +0 animal skin "Wufoq" {*Corrode Will+
                  | Regen+ MP+9}
 28835 | Shoals:3 | Noticed Donald
 28852 | Shoals:3 | Killed Donald
 28925 | Shoals:3 | Noticed Mlioglotl
 28937 | Shoals:3 | Killed Mlioglotl
 29327 | Shoals:4 | Entered Level 4 of the Shoals
 29384 | Shoals:4 | Reached XP level 19. HP: 174/174 MP: 19/19
 29534 | Shoals:4 | Identified the +4 morningstar "Gaeross" {venom, rF- Dex+4}
 29803 | Shoals:4 | Got a barnacled rune of Zot
 30735 | Elf:1    | Entered Level 1 of the Elven Halls
 30870 | Elf:1    | Found Febuaqes's General Store.
 30889 | Elf:1    | Found a flickering gateway to a bazaar.
 30890 | Elf:1    | Found Uputs's Distillery.
 30925 | Bazaar   | Entered a bazaar
 30925 | Bazaar   | Found Ehahisku's Armour Shop.
 30925 | Bazaar   | Found Kekle's Antique Weapon Boutique.
 31021 | Bazaar   | Found Ikhlaen's Antique Weapon Shop.
 31026 | Bazaar   | Found Enelesm's Armour Emporium.
 31030 | Bazaar   | Found Woxiutre's Book Emporium.
 31088 | Elf:1    | Bought a potion of berserk rage for 70 gold pieces
 31107 | Elf:1    | Paralysed by an air elemental for 1 turns
 31297 | Elf:1    | Found a huge runed translucent gate.
 31297 | Elf:1    | Found a huge runed translucent gate.
 31297 | Elf:1    | Found a huge runed translucent gate.
 31297 | Elf:1    | Found a huge runed translucent gate.
 31298 | Elf:1    | Found a huge runed translucent gate.
 31299 | Elf:1    | Found a huge runed translucent gate.
 31299 | Elf:1    | Found a huge runed translucent gate.
 31299 | Elf:1    | Found a huge runed translucent gate.
 31340 | Elf:1    | Found Ziss's Assorted Antiques.
 31447 | Elf:1    | Found Doaggacw's Weapon Shop.
 31699 | Elf:1    | Identified the +1 double sword of Eternal Night {antimagic,
                  | rElec Int+2}
 31879 | Elf:2    | Found Hiniq's Weapon Boutique.
 31881 | Elf:2    | Found Baupociuha's Jewellery Shop.
 31883 | Elf:2    | Found Uxama's Distillery.
 31893 | Elf:2    | Bought a potion of heal wounds for 70 gold pieces
 31893 | Elf:2    | Bought a potion of cancellation for 112 gold pieces
 31916 | Elf:2    | Found a magical portal.
 31929 | WizLab   | Entered Maxwell's Workshop
 32005 | WizLab   | Identified the ring of Propriety {Fire rCorr}
 32007 | WizLab   | Identified the ring "Meokleh" {Fire Will+ rCorr Str-3
                  | Dex+8}
 32142 | WizLab   | Identified the +2 pair of gloves of the Rhinotaur {Drain
                  | rC+++ rCorr Int+2}
 32408 | WizLab   | Noticed an electric golem
 32409 | WizLab   | Killed an electric golem
 32734 | Elf:2    | Found a huge runed translucent gate.
 32734 | Elf:2    | Found a huge runed translucent gate.
 32734 | Elf:2    | Found a huge runed translucent gate.
 32734 | Elf:2    | Found a huge runed translucent gate.
 32735 | Elf:2    | Found a huge runed translucent gate.
 32881 | Elf:3    | Entered Level 3 of the Elven Halls
 32884 | Elf:3    | Found Jaetaaj's Antique Armour Shop.
 33034 | Elf:3    | Reached XP level 20. HP: 182/182 MP: 20/20
 33097 | Elf:3    | Paralysed by an air elemental for 1 turns
 33103 | Elf:3    | Found Burgho's Jewellery Shop.
 33104 | Elf:3    | Found Lesm's Book Emporium.
 33104 | Elf:3    | Found Zeah's Book Emporium.
 33171 | Elf:3    | Noticed a Brimstone Fiend
 33563 | Elf:3    | Identified the staff of Fimbulwinter {rElec Int+2 SInv Tloc
                  | Air}
 33596 | Elf:3    | Identified the +8 spear of Fate {venom, rCorr}
 33596 | Elf:3    | Identified the ring of Tiagotic {Fire rElec}
 33742 | Elf:3    | Identified the +3 short sword "Wyommo" {freeze, *Corrode
                  | Dex+5}
 33876 | Elf:3    | Identified the amulet "Qacoss" {Faith Will+ rCorr Stlth+}
 33960 | Abyss:3  | Cast into level 3 of the Abyss (a deep elf sorcerer)
 34133 | Abyss:3  | Paralysed by accursed screaming for 1 turns
 34207 | Elf:3    | Escaped the Abyss
 34292 | Elf:3    | Identified the ring "Usec" {Fire Str+2}
 34385 | Abyss:3  | Cast into level 3 of the Abyss (a deep elf demonologist)
 34449 | Abyss:3  | Paralysed by accursed screaming for 2 turns
 34465 | Abyss:4  | Found a corrupted altar of Lugonu.
 34466 | Abyss:4  | Noticed an ancient lich
 34468 | Abyss:4  | Got an abyssal rune of Zot
 34484 | Abyss:4  | Killed an ancient lich
 34501 | Elf:3    | Escaped the Abyss
 34503 | Elf:3    | Reached XP level 21. HP: 148/189 MP: 21/21
 34596 | Elf:3    | Identified the +3 shortbow of Capital Punishment {heavy,
                  | rElec rN+ Str+4 SInv}
 34650 | Elf:3    | Got the Volume of Aerial Rot
 34988 | Vaults:1 | Entered Level 1 of the Vaults
 36433 | Vaults:2 | Found a flickering gateway to a bazaar.
 36448 | Bazaar   | Entered a bazaar
 36448 | Bazaar   | Found Foegg's Assorted Antiques.
 36467 | Bazaar   | Found Mudi's Antique Armour Emporium.
 36493 | Bazaar   | Found Acsag Dafa's Antique Armour Boutique.
 36496 | Bazaar   | Found Umouwif's Jewellery Boutique.
 36501 | Bazaar   | Found Hyudach's Antique Armour Shop.
 36512 | Bazaar   | Bought an encrusted helmet for 190 gold pieces
 36512 | Bazaar   | Identified the +1 helmet of Valiance {*Corrode rElec rPois
                  | Int+2} (You bought it in a shop in a bazaar)
 37257 | Vaults:2 | Noticed a dread lich
 37263 | Vaults:2 | Killed a dread lich
 37264 | Vaults:2 | Reached XP level 22. HP: 200/200 MP: 22/22
 37409 | Vaults:2 | You are sucked into a shaft and drop 2 floors!
 38088 | Vaults:3 | Found Lyssesu's Weapon Shoppe.
 38176 | Vaults:3 | Found a staircase to the Crypt.
 38387 | Vaults:3 | Noticed Mennas
 38400 | Vaults:3 | Killed Mennas
 38615 | Vaults:3 | Paralysed by a sphinx for 3 turns
 39479 | Vaults:4 | Identified the +2 arbalest "Cigel" {penet, Str-5 Dex+4}
 39617 | Vaults:4 | Found Veenuozi's Armour Shoppe.
 40385 | Vaults:5 | Entered Level 5 of the Vaults
 40415 | Vaults:5 | Reached XP level 23. HP: 209/209 MP: 23/23
 40442 | Vaults:5 | Noticed a dread lich
 40442 | Vaults:5 | Noticed a golden dragon
 40453 | Vaults:5 | Killed a golden dragon
 40454 | Vaults:5 | Paralysed by something for 2 turns
 40458 | Vaults:5 | Killed a dread lich
 40459 | Vaults:5 | Noticed an ancient lich
 40463 | Vaults:5 | Noticed a golden dragon
 40468 | Vaults:5 | Killed an ancient lich
 40471 | Vaults:5 | Killed a golden dragon
 40539 | Vaults:5 | Noticed an ancient lich
 40601 | Vaults:5 | Noticed a dread lich
 40671 | Vaults:5 | Killed a dread lich
 40740 | Vaults:5 | Got Givuanut's Compilation of Firn
 40746 | Vaults:5 | Killed an ancient lich
 40767 | Vaults:5 | Identified the +3 shortbow "Dampeupp" {freeze, +Blink rN+}
 40984 | Vaults:5 | Found Beomudgh's Book Boutique.
 41293 | Vaults:5 | Got a silver rune of Zot
 41357 | Vaults:5 | Got the Volume of Gathered Calefaction
 41790 | Depths:1 | Entered Level 1 of the Depths
 41913 | Depths:1 | Found a gateway to Hell.
 41927 | Depths:1 | Reached skill level 27 in Polearms
 42324 | Depths:1 | Found a runed translucent door.
 42588 | Depths:2 | Found a one-way gateway to a ziggurat.
 42589 | Depths:2 | Found Zuareb's Distillery.
 42596 | Depths:2 | Bought a potion of invisibility for 168 gold pieces
 42596 | Depths:2 | Bought 2 potions of might for 168 gold pieces
 42596 | Depths:2 | Bought a potion of heal wounds for 105 gold pieces
 42596 | Depths:2 | Bought a potion of heal wounds for 105 gold pieces
 42607 | Zig:1    | Entered Level 1 of a ziggurat
 42619 | Zig:2    | Entered Level 2 of a ziggurat
 42644 | Zig:3    | Entered Level 3 of a ziggurat
 42673 | Zig:4    | Entered Level 4 of a ziggurat
 42798 | Zig:5    | Entered Level 5 of a ziggurat
 42800 | Zig:5    | Noticed a royal mummy
 42807 | Zig:5    | Killed a royal mummy
 42808 | Zig:5    | Reached skill level 15 in Dodging
 42877 | Zig:6    | Entered Level 6 of a ziggurat
 42974 | Zig:6    | Identified the +5 long sword of the Equator {flame, Will+
                  | Int+3}
 43163 | D:11     | You paid a toll of 7 scrolls of fog to enter a treasure
                  | trove
 43164 | Trove    | Entered a treasure trove
 43169 | Trove    | Identified the amulet "Nathreugij" {Acrobat Contam Dex+5}
 43170 | Trove    | Identified the amulet "Xiriduwe" {Reflect Fly SH+5}
 43171 | Trove    | Identified the amulet of Gluttony {Reflect Dex+3 SH+5}
 43173 | Trove    | Identified the ring "Hizxauh" {Drain rN+ MP+9 Str+3 Stlth+}
 43174 | Trove    | Identified the ring of the Fiend {Fire +Blink Dex+4}
 43175 | Trove    | Identified the ring "Unnatub" {Contam rPois Int+3 Dex+6}
 43176 | Trove    | Identified the ring of Noisos {Wiz Dex+3}
 43382 | Depths:2 | Noticed Norris
 43409 | Depths:2 | Killed Norris
 43516 | Depths:2 | Reached XP level 24. HP: 220/220 MP: 23/23
 43708 | Depths:2 | Noticed Nikola
 43726 | Depths:2 | Killed Nikola
 43791 | Depths:2 | Found Weigac's Magic Scroll Boutique.
 43799 | Depths:2 | Bought a scroll of blinking for 150 gold pieces
 43799 | Depths:2 | Bought a scroll of summoning for 190 gold pieces
 43978 | Depths:2 | Found Otzut's General Store.
 44110 | Depths:2 | Noticed a caustic shrike
 44113 | Depths:2 | Noticed a caustic shrike
 44114 | Depths:2 | Noticed a caustic shrike
 44115 | Depths:2 | Killed a caustic shrike
 44117 | Depths:2 | Killed a caustic shrike
 44120 | Depths:2 | Killed a caustic shrike
 44238 | Depths:2 | Found a transporter.
 44334 | Depths:2 | Found a one-way gate to the infinite horrors of the Abyss.
 44334 | Depths:2 | Noticed Ices's ghost (adept TrGl)
 44334 | Depths:2 | Noticed an ancient lich
 44443 | Depths:2 | Found a one-way gate leading to the halls of Pandemonium.
 44618 | Depths:2 | Found a transporter.
 44887 | Depths:2 | Identified the staff of Joyful Slaughter {Fly rElec rN+
                  | Str+3 Int+4 Air}
 44933 | Depths:2 | Identified the +3 buckler of the Meadowlark {Regen+ Dex+3}
 45166 | Depths:3 | Noticed a caustic shrike
 45187 | Depths:3 | Killed a caustic shrike
 45316 | Depths:3 | Found a runed translucent door.
 45319 | Depths:3 | Identified the ring "Zyacs" {rN+ Will+ AC+4}
 45325 | Depths:3 | Identified the ring "Felleg" {Will+ Int+3 Dex+6 Stlth+}
 45331 | Depths:3 | Identified the ring "Qeategah" {rPois rC- rN+ Str+6 Int+4}
 45335 | Depths:3 | Identified the ring "Igemn" {Wiz rPois}
 45565 | Depths:4 | Entered Level 4 of the Depths
 45682 | Depths:4 | Reached XP level 25. HP: 227/227 MP: 23/23
 45795 | Depths:4 | Found a gate to the Realm of Zot.
 45820 | Zot:1    | Entered Level 1 of the Realm of Zot
 46370 | Zot:5    | Entered Level 5 of the Realm of Zot
 46625 | Zot:5    | Reached skill level 27 in Dodging
 46628 | Zot:5    | Noticed a Killer Klown
 46628 | Zot:5    | Noticed an orb of fire
 46632 | Zot:5    | Noticed an ancient lich
 46632 | Zot:5    | Noticed an orb of fire
 46633 | Zot:5    | Noticed an orb of fire
 46727 | Zot:5    | Killed an ancient lich
 46732 | Zot:5    | Got the Orb of Zot
 46961 | Depths:2 | Noticed Vioresod the pandemonium lord
 46975 | Depths:2 | Killed Vioresod the pandemonium lord
 47043 | D:15     | Reached XP level 26. HP: 237/237 MP: 23/23
 47335 | D:4      | Noticed Kyosiw the pandemonium lord
 47406 | D:$      | Escaped with the Orb!

Illustrated notes

Levels and vault maps discovered:
D:1:      eino_arrival_tree_alley, layout_basic, ebering_ecumenical_altar_rust,
          serial_shops, shop
D:2:      layout_loops_cross, uniq_terence, uniq_crazy_yiuf_cottage
D:3:      layout_basic, mainiacjoe_overflow_alcove_1, uniq_grinder
D:4:      layout_rooms, kennysheep_little_box, minmay_temple_entry_purple_smoke,
          serial_shops, shop, nicolae_stop_n_shop_2, shop,
          nicolae_inconvenience_store, uniq_edmund, uniq_robin
D:5:      layout_basic, gammafunk_ghost_split, kennysheep_generic_room_12
D:6:      wad_guarded_room, layout_basic, serial_shops, nicolae_lakefront_shop,
          nicolae_shop_real_fake_doors, shop
D:7:      layout_gridville, overflow_temple_1_default, patterned_corridor,
          uniq_joseph, uniq_maurice
D:8:      layout_loops_corners, uniq_jeremiah
D:9:      layout_cave_pools
D:10:     layout_big_octagon, mainiacjoe_overflow_24_doors, erik_orc_1,
          serial_shops, shop, hangedman_abyss_or_decor_stabs, uniq_erica,
          uniq_gastronok
D:11:     layout_roguey, lair_entry_dummy, enter_trove_6, minmay_rotating_lava,
          uniq_snorg, uniq_sonja
D:12:     layout_basic, serial_shops, shop, amethyst_killhole,
          nemelex_xobeh_ov_fountains_minmay, uniq_josephine, uniq_urug
D:13:     layout_basic, hellmonk_vaults_keyhole,
          serial_library_hellmonk_small_corner
D:14:     layout_rooms, hangedman_decor_lopped, minmay_misc_feat_chi,
          dreamdust_looks_like_rain
D:15:     grunt_enter_depths_magical_seal, layout_basic, serial_curves,
          eino_curves_04, eino_curves_02, eino_curves_01, eino_curves_04,
          nrook_mini_backslash, lemuel_another_geyser
Temple:   compressed_dpeg_circular_temple
Lair:1:   layout_chaotic_city, uniq_amaemon
Lair:2:   layout_regular_city, elwin_shoals_entry_stream,
          infiniplex_staircase_pool
Lair:3:   minmay_lair_oklob_chamber, layout_regular_city,
          nicolae_spider_entry_non_spiders, lightli_volcano_entry_magma_tube
Lair:4:   layout_hall_layers, dreamdust_deal_with_the_devil, beast_lair_carwin_2
Lair:5:   gammafunk_lair_ancient_temple, layout_gridlike,
          minmay_slime_entry_oklob_open
Shoals:1: layout_shoals, serial_nicolae_subway, nicolae_sub_station_crystal,
          nicolae_sub_station_metal, nicolae_sub_station_stone
Shoals:2: layout_shoals, nicolae_splish_splash, uniq_ilsuiw
Shoals:3: argonaut_golden_fleece, layout_shoals, uniq_mlioglotl, uniq_donald
Shoals:4: shoals_end_grunt_ice, layout_shoals
Spider:1: layout_spider_delve, nicolae_spider_circle_web, drop_trap,
          uniq_asterion
Spider:2: layout_spider_delve, gammafunk_ghost_split, nicolae_crawler_farm,
          uniq_arachne
Spider:3: layout_spider_delve, special_room [special_room_bee]
Spider:4: hellmonk_spider_rune_bug_friends, uniq_roxanne
Orc:1:    layout_caves, bloody_makhleb
Orc:2:    pubby_orc_utopia
Elf:1:    eino_elf_arrival_customs, layout_geoelf_grid, serial_shops,
          bzr_entry_dummy, nicolae_square_shop, shop, shop, nicolae_shop_trees,
          nicolae_elf_crossing_hall, nicolae_elf_double_double_double_trouble
Elf:2:    elven_hall_of_blades_hangedman_alternative
          [infiniplex_blade_entry_pillars], layout_geoelf_diagonals,
          infiniplex_enter_wizlab_water, st_stairs_8, minmay_shop_star,
          uniq_louise, uniq_agnes
Elf:3:    nooodl_elf_gasket, layout_gridlike, serial_shops, shop,
          nicolae_elf_w_pinch, minmay_shop_grove
Vaults:1: dpeg_vaults_monster_box, hangedman_vaults_trim,
          nicolae_vaults_what_the_h, nicolae_vaults_alarming, v_rooms_6,
          nicolae_vaults_enemy_cabinets, v_misc_17, layout_vaults_chaotic_city
Vaults:2: hangedman_vaults_slice, nicolae_vaults_you_can_take_it_with_you,
          v_misc_24, nicolae_vaults_windows_and_doors_thing,
          nicolae_vaults_trapezoid_2, v_misc_16,
          nicolae_vaults_inception_scallops, ontoclasm_vaults_spin,
          vaults_room_door_ring, vaults_mumra_hex, vaults_dpeg_emergency_exit,
          nicolae_vaults_diamond_1, layout_vaults_omnicross, serial_shops,
          bzr_entry_customers
Vaults:3: minmay_crypt_entry_nasty_monster, nicolae_vaults_ninety_degrees,
          nicolae_vaults_big_ls, v_misc_27, nicolae_vaults_house_2,
          vaults_room_corners, nicolae_vaults_tetromino_T_1, st_star,
          nicolae_vaults_double_plus_1, nicolae_vaults_little_squares_6,
          nicolae_vaults_storage_room_statues, vaults_room_pool,
          layout_vaults_omnigrid, serial_shops,
          nicolae_shop_bloodbath_and_beyond, uniq_mennas
Vaults:4: nicolae_vaults_storage_room_glass, vaults_standard_mumra_x,
          nicolae_vaults_little_squares_4, nicolae_vaults_shock_wave,
          nicolae_vaults_yaktaur_gun_rack, vaults_room_door_ring,
          nicolae_vaults_closet_pinwheel_4, nicolae_vaults_variable_pillar_hall,
          nicolae_vaults_taking_the_gang_shopping,
          nicolae_vaults_closet_pinwheel_1, v_misc_16, vaults_room_corners,
          layout_vaults_omnibox
Vaults:5
Depths:1: layout_cave_pools, moated_statue, pf_hell_entry_tar_river,
          minmay_crystal_box
Depths:2: grunt_bent_corner, layout_cave_shapes, enter_ziggurat_a, hell_entry,
          minmay_misc_feat_diagonals, grunt_pan_entry_in_and_out, serial_shops,
          shop, gammafunk_ghost_abyssal_escape, nicolae_titane,
          minmay_shoptagon, uniq_norris, uniq_nikola
Depths:3: minmay_the_grid_triangle_9x9_rhombus_thin_mashed
          [minmay_the_grid_triangle_9x9_subtriangle,
          minmay_the_grid_triangle_9x9_prize_special,
          minmay_the_grid_triangle_9x9_longest,
          minmay_the_grid_triangle_9x9_semitri], layout_small_grid, abyss_entry,
          hell_entry, minmay_staircase_windowed_small
Depths:4: evilmike_zot_entry_diamond, layout_gridville, hellmouth_2,
          serial_shops, nicolae_shop_back_alley_shop, abyss_entry,
          due_unseen_surprise
Zot:1:    layout_onion_interference
Zot:2:    minmay_elemental_castle, layout_basic, regret_index_zotdec_zees,
          uniq_grunn
Zot:3:    grunt_zot_stairs_mandelzot, layout_basic, grunt_ministairs_13,
          lemuel_baited_zot_trap
Zot:4:    layout_misc_corridors, nicolae_shop_clearance
Zot:5:    layout_misc_corridors

Skill      XL: |  1  2  3  4  5  6  7  8  9 10 11 12 13 14 15 16 17 18 19 20 21 22 23 24 25 26 |
---------------+-------------------------------------------------------------------------------+-----
Polearms       | 3 4 5 7 8 9 12 14 17 19 20 22 25 27 | 27.0
Fighting       | 4 5 6 7 9 11 12 16 20 22 23 24 25 26 | 26.3
Dodging        | 6 13 14 17 23 27 | 27.0
Shields        | 7 10 | 10.0
Armour         | 5 9 |  9.1
Shapeshifting  | 8 16 20 24 25 | 25.0

Action                     |  1- 3 |  4- 6 |  7- 9 | 10-12 | 13-15 | 16-18 | 19-21 | 22-24 | 25-27 || total
---------------------------+-------+-------+-------+-------+-------+-------+-------+-------+-------++-------
  Melee: Trident           |    62 |   149 |   331 |   463 |       |       |       |       |       ||  1005
         Unarmed           |       |       |     8 |       |       |       |       |       |     2 ||    10
         Demon trident     |       |       |       |   176 |  1530 |  1731 |  1192 |  1010 |   373 ||  6012
  Throw: Dart              |       |       |     2 |     9 |       |       |       |       |       ||    11
         Javelin           |       |       |     1 |       |       |       |       |       |       ||     1
 Invoke: Call Merchant     |       |       |       |       |     3 |     3 |     2 |       |       ||     8
         Potion Petition   |       |       |       |       |       |       |     3 |     1 |     1 ||     5
         Bribe Branch      |       |       |       |       |       |       |       |     1 |     2 ||     3
  Evoke: Wand              |       |       |    13 |    30 |       |     1 |     2 |     1 |     5 ||    52
    Use: Scroll            |       |     6 |     8 |     9 |    16 |     9 |    16 |    10 |     8 ||    82
         Potion            |       |     2 |     6 |       |       |     3 |     4 |     7 |     7 ||    29
   Stab: Distracted        |       |       |     2 |     3 |    13 |    16 |    18 |    24 |    11 ||    87
         Paralysed         |       |       |     4 |     9 |       |       |       |       |       ||    13
         Invisible         |       |       |       |     4 |       |       |       |       |       ||     4
         Sleeping          |       |       |       |       |       |     3 |    21 |    16 |     5 ||    45
         Confused          |       |       |       |       |       |       |       |       |     1 ||     1
 Armour: Scale mail        |    22 |    59 |    87 |       |       |       |       |       |       ||   168
         Skin              |       |     5 |     7 |       |       |    22 |   822 |  1057 |   324 ||  2237
         Chain mail        |       |       |    44 |   284 |   437 |   720 |       |       |       ||  1485
  Dodge: Dodged            |    17 |    62 |    58 |   155 |   831 |  1019 |   874 |   972 |   401 ||  4389
  Block: Buckler           |    15 |    17 |    53 |    96 |   301 |    53 |       |    53 |   178 ||   766
         Kite shield       |       |       |       |       |       |   632 |   216 |       |       ||   848
         Tower shield      |       |       |       |       |       |       |   842 |  1192 |       ||  2034
   Form: Statue            |       |       |       |       |       |     1 |       |       |       ||     1

Table legend: (Time is in decaauts)
 A = Elapsed time spent in this place.
 B = Non-inter-level travel time spent in this place.
 C = Inter-level travel time spent in this place.
 D = Time resting spent in this place.
 E = Time spent auto-exploring this place.
 F = Levels seen in this place.
 G = Mean time per level.
                   A        B        C        D        E       F      G
               +--------+--------+--------+--------+--------+-----+--------+
         Total |  54348 |  46855 |   7493 |   2028 |  31202 |  61 |  891.0 |
       Dungeon |  15557 |  12977 |   2580 |    839 |   9500 |  15 | 1037.1 |
        Temple |     24 |      2 |     22 |      0 |      0 |   1 |   24.0 |
          Lair |   4557 |   4111 |    446 |     34 |   3046 |   5 |  911.4 |
        Shoals |   3502 |   2951 |    551 |    158 |   1660 |   4 |  875.5 |
   Spider Nest |   4586 |   4384 |    202 |    397 |   2744 |   4 | 1146.5 |
  Orcish Mines |   2645 |   2370 |    275 |     88 |   1612 |   2 | 1322.5 |
   Elven Halls |   4467 |   3176 |   1291 |    162 |   1839 |   3 | 1489.0 |
        Vaults |   9978 |   9311 |    667 |      0 |   6970 |   5 | 1995.6 |
        Depths |   5208 |   4343 |    865 |    255 |   2501 |   4 | 1302.0 |
           Zot |   1543 |    953 |    590 |     39 |    234 |   5 |  308.6 |
         Abyss |    526 |    526 |      0 |     53 |     28 |   3 |  175.3 |
      Ziggurat |    569 |    569 |      0 |      0 |    337 |   6 |   94.8 |
        Bazaar |    345 |    345 |      0 |      0 |    255 |   2 |  172.5 |
         Trove |     28 |     28 |      0 |      0 |      3 |   1 |   28.0 |
        Wizlab |    806 |    806 |      0 |      0 |    468 |   1 |  806.0 |
               +--------+--------+--------+--------+--------+-----+--------+

Top non-repeatable levels by time:
Depths:2: 2797 daAuts
   Elf:3: 2275 daAuts
   Orc:2: 2239 daAuts
Vaults:1: 2149 daAuts
Vaults:3: 2125 daAuts
Vaults:2: 2083 daAuts
Vaults:4: 1823 daAuts
Vaults:5: 1797 daAuts
    D:15: 1630 daAuts
   Elf:1: 1489 daAuts
Spider:4: 1468 daAuts
    D:11: 1408 daAuts
Shoals:4: 1342 daAuts
     D:6: 1326 daAuts
     D:8: 1203 daAuts
